 Dungeon Crawl Stone Soup version 0.21-a0-401-g0b6bec4 (webtiles) character file.

2059 HAL9000 the Slicer (level 9, 0/44 HPs)
             Began as a Vine Stalker Assassin on Oct 22, 2017.
             Was a Believer of Dithmenos.
             Slain by an orc warrior
             ... wielding a +0 trident
              (14 damage)
             ... on level 6 of the Dungeon.
             The game lasted 00:13:57 (6174 turns).

HAL9000 the Slicer (Vine Stalker Assassin)          Turns: 6174, Time: 00:13:57

Health: 0/44       AC: 10    Str: 15    XL:     9   Next: 25%
Magic:  0/10       EV: 14    Int: 14    God:    Dithmenos [**....]
Gold:   391        SH:  0    Dex: 18    Spells: 8/8 levels left

rFire    . . .     SeeInvis .   b - +0 blowgun
rCold    . . .     Gourm    .   (no shield)
rNeg     . . .     Faith    .   X - +3 leather armour {MR+}
rPois    .         Spirit   +   T - +1 hat {Int+3}
rElec    .         Reflect  .   t - +2 cloak
rCorr    .         Harm     .   (no gloves)
MR       ++...                  (no boots)
Stlth    ++++......             (no amulet)
HPRegen  0.54/turn              H - +3 ring of evasion
MPRegen  0.12/turn              A - +1 ring of slaying

@: wreathed by umbra
A: fangs 3, regeneration 1, magic shield, antimagic bite, no potion heal 3, rot
immunity
a: Shadow Step, Renounce Religion


You were on level 6 of the Dungeon.
You worshipped Dithmenos.
Dithmenos was pleased with you.
You were near starving.

You visited 2 branches of the dungeon, and saw 7 of its levels.
You also visited: Ossuary.

You collected 391 gold pieces.

Inventory:

Hand Weapons
 a - a +2 dagger
 b - a +0 blowgun (weapon)
Missiles
 e - 21 poisoned needles (quivered)
 f - a curare-tipped needle
 W - 3 tomahawks
Armour
 t - a +2 cloak (worn)
 T - a +1 hat of intelligence (worn)
 X - a +3 leather armour of magic resistance (worn)
Jewellery
 A - a +1 ring of slaying (right hand)
 H - a +3 ring of evasion (left hand)
Wands
 Y - a wand of polymorph (6/24)
Scrolls
 l - 2 scrolls of teleportation
 D - 3 scrolls of brand weapon {unknown}
 E - 2 scrolls of random uselessness {unknown}
 F - a scroll of fear {unknown}
 G - a scroll of immolation {unknown}
 I - a scroll of magic mapping
 L - a scroll of fog
 N - a scroll of holy word {unknown}
 O - a scroll of remove curse
 P - a scroll of blinking
 S - 2 scrolls of noise {unknown}
 U - 2 scrolls of identify
 Z - 2 scrolls of amnesia {unknown}
Potions
 j - 2 potions of lignification
 o - a potion of ambrosia
 x - 3 potions of berserk rage
 z - 2 potions of agility {unknown}
 C - 2 potions of curing
 J - 3 potions of might {unknown}
 M - 4 potions of flight
 Q - a potion of brilliance {unknown}
 V - a potion of invisibility {unknown}
Books
 K - a book of Misfortune

   Spells                             Type                      Level
   a - Confusing Touch                Hexes                        1
   b - Confuse                        Hexes                        3
   c - Gell's Gravitas                Translocation                3
   d - Petrify                        Transmutation/Earth          4
   e - Metabolic Englaciation         Hexes/Ice                    5
   f - Yara's Violent Unravelling     Hexes/Transmutation          5
Comestibles
 g - 3 bread rations
 r - 4 meat rations
 u - 2 royal jellies
 R - 3 fruits


   Skills:
 + Level 3.4 Fighting
 - Level 10.1 Short Blades
 + Level 1.7 Throwing
 - Level 0.7 Dodging
 + Level 6.5 Stealth


You had 8 spell levels left.
You didn't know any spells.

Dungeon Overview and Level Annotations

Branches:
Dungeon (6/15)             Temple (1/1) D:5

Altars:
Ashenzari
Cheibriados
Dithmenos
Elyvilon
Fedhas
Gozag
Hepliaklqana
Kikubaaqudgha
Makhleb
Nemelex Xobeh
Okawaru
Qazlal
Ru
Sif Muna
Trog
Uskayaw
Vehumet
Wu Jian
Xom
Yredelemnul
Zin
The Shining One

Shops:
D:4 }(


Innate Abilities, Weirdness & Mutations

You have razor-sharp teeth.
Your natural rate of healing is unusually fast.
When hurt, damage is shared between your health and your magic reserves.
Your bite disrupts and absorbs the magic of your enemies.
Potions cannot restore your health.
You are immune to rotting.


Message History

The poisoned needle closely misses the orc warrior.
The orc warrior hits you from afar with a trident!
Firing (i - inventory. (,) - cycle):
e - 23 poisoned needles (quivered)
Press: ? - help, Shift-Dir - straight line, f/p - orc warrior
Aim: an orc warrior, wielding a trident and wearing a plate armour (umbra)
You shoot a poisoned needle.
The poisoned needle closely misses the orc warrior.
The orc warrior completely misses you.
Firing (i - inventory. (,) - cycle):
e - 22 poisoned needles (quivered)
Press: ? - help, Shift-Dir - straight line, f/p - orc warrior
Aim: an orc warrior, wielding a trident and wearing a plate armour (umbra)
You shoot a poisoned needle.
The poisoned needle hits the orc warrior.
The orc warrior is poisoned.
The orc shouts!
You hear a shout!
The orc warrior hits you from afar with a trident!
The orc warrior hits you from afar with a trident!
* * * LOW HITPOINT WARNING * * *
The orc warrior hits you from afar with a trident!
You die...

###...#####.o.###.#####.##.#.###.
#.....# ###.........#.##.....#.
##...## #o........#.##.......
##.## #.........#.##.....## #.#
#......>..#.##.....# #.#
#.........#.##.....# #o#
#.o.......#.####.### #...#
#.........#.. ..# #..o..#
#...@.....# ##.# #.......#
#.........# #.#
o........####......########..
o.$......+..................
.........####......########.
#.......## #.....## #.....#
###.### #+# #.#


You could see an orc warrior and an orc wizard.

Vanquished Creatures
  Sigmund (D:2)
  A wyvern (D:5)
  An orc warrior (D:6)
  A phantom (D:5)
  4 ogres
  A centaur (D:6)
  3 bullfrogs
  3 crimson imps
  3 centaur zombies
  2 human zombies (Ossuary)
  A jelly (D:5)
  2 orc priests
  Crazy Yiuf (D:2)
  3 iguanas
  5 orc wizards
  3 worker ants
  A big kobold zombie (Ossuary)
  2 hound zombies
  3 mummies (Ossuary)
  3 gnolls (D:4)
  6 adders
  An ooze (D:2)
  2 adder zombies
  A worm (D:3)
  2 dart slugs (D:1)
  6 leopard geckos
  14 orcs
  5 ball pythons
  8 giant cockroaches
  9 goblins
  5 hobgoblins
  10 jackals
  9 kobolds
  5 quokkas
  10 bats
  3 frilled lizards
  4 gnoll zombies (Ossuary)
  3 goblin zombies
  2 hobgoblin zombies (Ossuary)
  8 jackal zombies (Ossuary)
  2 kobold zombies (Ossuary)
  A leopard gecko skeleton (D:5)
  2 orc zombies (Ossuary)
  A quokka skeleton (D:5)
  5 quokka zombies
  4 rats
  5 rat zombies (Ossuary)
177 creatures vanquished.

Notes
Turn   | Place    | Note
-------+----------+-------------------------------------------
     0 | D:1      | HAL9000 the Vine Stalker Assassin began the quest for the Orb.
     0 | D:1      | Reached XP level 1. HP: 11/11 MP: 2/2
    11 | D:1      | Reached skill level 2 in Short Blades
    34 | D:1      | Reached XP level 2. HP: 9/15 MP: 3/3
   302 | D:1      | Reached skill level 3 in Short Blades
   547 | D:1      | Reached XP level 3. HP: 16/18 MP: 2/4
  1120 | D:2      | Found a runed door.
  1268 | D:2      | Noticed Crazy Yiuf
  1270 | D:2      | Killed Crazy Yiuf
  1270 | D:2      | Gained mutation: Your natural rate of healing is unusually fast. [Vine Stalker growth]
  1270 | D:2      | Reached XP level 4. HP: 23/23 MP: 5/5
  1364 | D:2      | Reached skill level 4 in Short Blades
  1399 | D:2      | Found a white marble altar of Elyvilon.
  1430 | D:2      | Noticed Sigmund
  1439 | D:2      | Killed Sigmund
  1439 | D:2      | Reached skill level 5 in Short Blades
  1439 | D:2      | Reached XP level 5. HP: 26/26 MP: 6/6
  1561 | D:2      | Reached XP level 6. HP: 30/30 MP: 7/7
  2100 | D:3      | Reached skill level 6 in Short Blades
  2777 | D:4      | Found Yhin Nurgh's Gadget Shop.
  2876 | D:4      | Reached XP level 7. HP: 14/34 MP: 2/8
  2981 | D:4      | Reached skill level 7 in Short Blades
  3001 | D:4      | Found Toschu's Antique Weapon Emporium.
  3473 | D:5      | Entered Level 5 of the Dungeon
  3750 | D:5      | Reached skill level 8 in Short Blades
  3818 | D:5      | Gained mutation: You have razor-sharp teeth. [Vine Stalker growth]
  3818 | D:5      | Reached XP level 8. HP: 38/38 MP: 9/9
  4517 | D:5      | Noticed a wyvern
  4528 | D:5      | Killed a wyvern
  4528 | D:5      | Reached skill level 9 in Short Blades
  4682 | D:5      | Found a staircase to the Ecumenical Temple.
  4713 | Temple   | Entered the Ecumenical Temple
  4833 | Temple   | Became a worshipper of Dithmenos the Shadowed
  5151 | D:6      | Reached skill level 10 in Short Blades
  5311 | D:6      | Reached skill level 5 in Stealth
  5311 | D:6      | Reached XP level 9. HP: 36/42 MP: 8/10
  5555 | D:6      | Found a sand-covered staircase.
  5562 | Ossuary  | Entered an ossuary
  5597 | Ossuary  | Reached * piety under Dithmenos
  5903 | Ossuary  | Reached ** piety under Dithmenos
  6174 | D:6      | Slain by an orc warrior

Vault maps used:
D:1:      giann_horns, nrook_loot_triangle
D:2:      lemuel_round_altar, uniq_crazy_yiuf_cottage, uniq_sigmund
D:3:      first_bread
D:4:      serial_shops, nicolae_shop_trees, shop, kennysheep_diamond
D:5:      minmay_temple_entry_large_hall
D:6:      enter_ossuary_4
Temple:   kilobyte_greek_temple
Ossuary:  minmay_ossuary_two_tombs

Skill      XL: |  1  2  3  4  5  6  7  8  9 |
---------------+----------------------------+-----
Short Blades   | 2 3 5 6 8 10 | 10.1
Fighting       | 2 3 |  3.4
Stealth        | 5 6 |  6.5
Throwing       | |  1.7
Dodging        | |  0.7

Action                   |  1- 3 |  4- 6 |  7- 9 || total
-------------------------+-------+-------+-------++-------
Melee: Dagger            |    99 |   194 |   374 ||   667
       Bite              |    24 |    56 |   143 ||   223
 Fire: Blowgun           |     2 |     4 |    22 ||    28
  Use: Scroll            |       |     6 |     7 ||    13
 Stab: Sleeping          |     4 |       |     9 ||    13
  Eat: Chunk             |       |     6 |     9 ||    15
Armor: Robe              |    27 |       |       ||    27
       Scale mail        |     4 |    81 |    45 ||   130
       Leather armour    |       |       |    29 ||    29
Dodge: Dodged            |    50 |    87 |   131 ||   268

Table legend:
 A = Spawn XP
 B = Non-spawn XP
 C = Spawn XP percentage of total XP
 D = Spawn monster count
 E = Non-spawn monster count
 F = Spawn count percentage of total count
 G = Total turns spent on level
                    A         B        C        D         E        F      G
               +---------+---------+-------+---------+---------+-------+---------
         Total |       0 |    2942 |   0.0 |       0 |     177 |   0.0 |  6174
               +---------+---------+-------+---------+---------+-------+---------
           D:1 |       0 |      53 |   0.0 |       0 |      29 |   0.0 |  1056
           D:2 |       0 |     284 |   0.0 |       0 |      15 |   0.0 |   883
           D:3 |       0 |     224 |   0.0 |       0 |      32 |   0.0 |   838
           D:4 |       0 |     336 |   0.0 |       0 |      19 |   0.0 |   696
           D:5 |       0 |     994 |   0.0 |       0 |      26 |   0.0 |  1331
           D:6 |       0 |     757 |   0.0 |       0 |      18 |   0.0 |   707
       Ossuary |       0 |     294 |   0.0 |       0 |      38 |   0.0 |   504
               +---------+---------+-------+---------+---------+-------+---------
